 Dungeon Crawl Stone Soup version 0.31.0-11-ge490571c62 (webtiles) character file.

Game seed: 14560690036675064040

9669 Lolow the Protected (level 11, -4/142 HPs)
             Began as a Minotaur Berserker on Feb 2, 2024.
             Was an Elder of Trog.
             Slain by a skyshark (12 damage)
             ... on level 2 of the Lair of Beasts on Feb 3, 2024.
             The game lasted 00:54:48 (12129 turns).

Lolow the Protected (Minotaur Berserker)           Turns: 12129, Time: 00:54:48

Health: -4/142     AC: 17    Str: 24    XL:     11   Next: 26%
Magic:  19/19      EV:  8    Int:  4    God:    Trog [****..]
Gold:   439        SH:  0    Dex: 12    Spells: 10/10 levels left

rFire   . . .        b - +2 hand axe (flame)
rCold   . . .        (no shield)
rNeg    . . .        x - +1 plate armour
rPois   .            (helmet restricted)
rElec   .            (no cloak)
rCorr   .            (no gloves)
SInv    .            o - +0 pair of boots
Will    +....        q - amulet of faith Stlth
                     d - ring of flight
HPRegen 0.43/turn    i - ring of magical power
MPRegen 0.16/turn

%: faith
@: berserking, enlightened, flying, very quick
A: horns 2, retaliatory headbutt
a: Renounce Religion, Berserk, Trog's Hand, Brothers in Arms


You were on level 2 of the Lair of Beasts.
You worshipped Trog.
Trog was greatly pleased with you.
You visited 2 branches of the dungeon, and saw 11 of its levels.

You collected 751 gold pieces.
You spent 312 gold pieces at shops.

Inventory:

Hand Weapons
 a - a +0 mace
 b - a +2 hand axe of flaming (weapon)
 m - a +2 trident of protection
 t - a +5 mace
 u - a +1 dagger of speed
 D - a +0 broad axe
 E - a +1 dagger of electrocution
 H - a +0 dagger
Missiles
 f - 76 stones
 v - 24 poisoned darts (quivered)
 A - 3 boomerangs
 K - 3 throwing nets
Armour
 e - a +0 chain mail
 o - a +0 pair of boots (worn)
 x - a +1 plate armour (worn)
 y - a +0 scale mail of fire resistance
Jewellery
 d - a ring of flight (left hand)
 i - a ring of magical power (right hand)
 q - an amulet of faith (around neck)
Talismans
 N - a blade talisman
Wands
 s - a wand of roots (27)
 G - a wand of paralysis (9)
 P - a wand of flame (4)
Scrolls
 l - 3 scrolls of noise
 p - 2 scrolls of fear
 C - a scroll of poison
 J - a scroll of torment {unknown}
 L - a scroll of silence {unknown}
 M - 3 scrolls of teleportation
Potions
 c - 3 potions of enlightenment
 g - 2 potions of heal wounds
 h - 3 potions of haste
 j - a potion of berserk rage {unknown}
 k - a potion of curing
 n - a potion of resistance {unknown}
 r - a potion of mutation
 w - 2 potions of might
 z - a potion of ambrosia {unknown}
 B - a potion of lignification {unknown}
 F - a potion of magic {unknown}
 I - 2 potions of attraction
 O - a potion of experience {unknown}


   Skills:
 + Level 8.7 Fighting
 + Level 8.7(10.2) Axes
 + Level 8.4(10.0) Maces & Flails
 + Level 9.0 Throwing
 + Level 11.2 Armour
 + Level 4.0 Dodging
 + Level 1.6 Stealth


You had 10 spell levels left.
You didn't know any spells.
Your spell library contained the following spells:

 Spells                   Type           Power      Damage    Failure   Level
 Magic Dart               Conj           0%         1d3       99%         1
 Searing Ray              Conj           0%         2d4       100%        2
 Sublimation of Blood     Necr           0%         N/A       100%        2
 Tukima's Dance           Hex            0%         N/A       100%        3
 Fulminant Prism          Conj/Alch      0%         3d5       100%        4
 Passage of Golubria      Tloc           0%         N/A       100%        4
 Petrify                  Alch/Erth      0%         N/A       100%        4
 Irradiate                Conj/Alch      0%         3d11      100%        5
 Yara's Violent Unravell  Hex/Alch       0%         3d3       100%        5


Dungeon Overview and Level Annotations

Branches:
Dungeon (9/15)             Temple (0/1) D:7            Lair (2/5) D:9
  Swamp (0/4) Lair:2       Spider (0/4) Lair:2
    Orc: D:9-12

Altars:
Ashenzari
Cheibriados
Hepliaklqana
Kikubaaqudgha
Qazlal
Sif Muna
Yredelemnul
The Shining One

Shops:
D:3 ?   D:6 *   D:8 *


Innate Abilities, Weirdness & Mutations

You have a pair of horns on your head.
You reflexively headbutt those who attack you in melee.


Message History

The skyshark bites you!
The skyshark enters a blood-rage!
The skyshark tail-slaps you but does no damage.
The skyshark tail-slaps you.
You hit the skyshark but do no damage. Your headbutt misses the skyshark.
The skyshark is severely wounded.
The skyshark bites you!
The skyshark tail-slaps you but does no damage.
The skyshark misses you.
You hit the skyshark. You burn the skyshark.
The skyshark is severely wounded.
The skyshark bites you but does no damage.
The skyshark tail-slaps you but does no damage.
The skyshark tail-slaps you.
You slash the skyshark! You burn the skyshark. You headbutt the skyshark.
The skyshark is severely wounded.
The skyshark bites you!!
* * * LOW HITPOINT WARNING * * *
The skyshark tail-slaps you but does no damage.
The skyshark tail-slaps you.
* * * LOW HITPOINT WARNING * * *
You feel much better. The skyshark bites you! The skyshark barely misses you.
The skyshark tail-slaps you.
* * * LOW HITPOINT WARNING * * *
The skyshark bites you.
* * * LOW HITPOINT WARNING * * *
The skyshark tail-slaps you but does no damage.
The skyshark tail-slaps you!
* * * LOW HITPOINT WARNING * * *
A red film seems to cover your vision as you go berserk!
You feel yourself moving faster!
You feel mighty!
The skyshark bites you but does no damage.
The skyshark tail-slaps you.
* * * LOW HITPOINT WARNING * * *
The skyshark closely misses you.
You hit the skyshark. You burn the skyshark. Your headbutt misses the skyshark.
The skyshark is severely wounded.
The skyshark bites you!
* * * LOW HITPOINT WARNING * * *
The skyshark tail-slaps you!
You die...

##.##.^.#^.^..# **,*
#.##..###...^* *,*
##.....^.#**##### ****,*
*#...#...###....#
***,**,*
#...##..........##
*,,,,,,*
##...............#
**,,,,,,
*#....#..........#
**,,,,,, ***
#....##..........#
*,,,,,,,
*,***#.....##..@.....#*
**,,,,,,
**,,,....#...#F†.....#
*,,,,,,
**,,.######.........#**
*,,,,,, *,,**,*
*#...........***,,,,,,
*******
*#............,***,,,**
*#......##.....,,,,,,,,,
*#....P.##*##.##,,***,,,*
*......#* *##*****,,,,,
**,,,,,,,* **,,,,,,


You could see a skyshark (berserk).

Vanquished Creatures
  Harold (D:8)
  A two-headed ogre (D:9)
  Maurice (D:8)
  A black mamba (Lair:1)
  4 cane toads (Lair:1)
  2 komodo dragons
  A rime drake (Lair:1)
  A hornet (D:7)
  5 blink frogs (Lair:1)
  2 wyverns
  A basilisk (Lair:2)
  An acid dragon (D:8)
  2 water moccasins (D:6)
  A black bear (D:4)
  4 ogres
  An ice beast (D:6)
  A phantom (D:4)
  A centaur (D:9)
  4 kobold brigands
  7 bullfrogs
  3 scorpions
  2 gnoll sergeants (D:8)
  9 killer bees (D:9)
  2 electric eels (Lair:1)
  A howler monkey (D:5)
  9 hounds
  4 orc priests
  3 jellies
  2 gnoll boudas (D:8)
  11 orc wizards
  3 iguanas
  A sleepcap (D:6)
  6 adders
  14 gnolls
  2 white imps
  2 ufetubi (D:6)
  2 ribbon worms
  35 orcs
  4 bats
  6 endoplasms
  A giant cockroach (D:4)
  10 goblins
  6 hobgoblins
  7 jackals
  24 kobolds
  3 quokkas
  3 ball pythons
  6 frilled lizards
  2 rats
225 creatures vanquished.

Vanquished Creatures (collateral kills)
  A two-headed ogre (D:8)
  An orc priest (D:8)
2 creatures vanquished.

Grand Total: 227 creatures vanquished

Notes
Turn   | Place    | Note
-------+----------+-------------------------------------------
     0 | D:1      | Lolow the Minotaur Berserker began the quest for the Orb.
     0 | D:1      | Reached XP level 1. HP: 19/19 MP: 0/0
   321 | D:1      | Reached XP level 2. HP: 27/27 MP: 1/1
   919 | D:2      | Found a faded altar of an unknown god.
  1051 | D:2      | Found a glowing golden altar of the Shining One.
  1139 | D:2      | Reached skill level 3 in Armour
  1139 | D:2      | Reached XP level 3. HP: 33/33 MP: 2/2
  1858 | D:3      | Reached ** piety under Trog
  1970 | D:3      | Found a hazy altar of Hepliaklqana.
  2088 | D:3      | Found Vaffasm's Magic Scroll Emporium.
  2098 | D:3      | Bought a scroll of teleportation for 39 gold pieces
  2098 | D:3      | Bought a scroll of identify for 26 gold pieces
  2246 | D:3      | Found a basalt altar of Yredelemnul.
  2539 | D:4      | Reached XP level 4. HP: 41/41 MP: 3/3
  2676 | D:4      | Found a snail-covered altar of Cheibriados.
  2684 | D:4      | Noticed a black bear
  2717 | D:4      | Killed a black bear
  2718 | D:4      | Reached skill level 1 in Throwing
  2718 | D:4      | Reached XP level 5. HP: 38/47 MP: 4/4
  3047 | D:4      | Reached skill level 5 in Maces & Flails
  3176 | D:4      | Noticed a phantom
  3198 | D:4      | Killed a phantom
  3199 | D:4      | Reached skill level 4 in Armour
  3199 | D:4      | Reached XP level 6. HP: 51/55 MP: 5/5
  3455 | D:5      | Entered Level 5 of the Dungeon
  3894 | D:5      | Reached skill level 5 in Fighting
  3894 | D:5      | Reached XP level 7. HP: 61/61 MP: 6/6
  3930 | D:5      | Reached *** piety under Trog
  3931 | D:5      | Reached skill level 5 in Armour
  4753 | D:6      | Reached skill level 5 in Throwing
  4753 | D:6      | Reached XP level 8. HP: 69/69 MP: 7/7
  4804 | D:6      | Reached skill level 6 in Armour
  5229 | D:6      | Found Mesemen's Assorted Antiques.
  5461 | D:6      | Bought a dented filigree amulet for 160 gold pieces
  5481 | D:6      | Reached skill level 1 in Stealth
  5677 | D:6      | Found a stormy altar of Qazlal.
  5974 | D:6      | Found an ancient bone altar of Kikubaaqudgha.
  6131 | D:7      | Reached skill level 7 in Armour
  6745 | D:7      | Found a broken altar of Ashenzari.
  6762 | D:7      | Found a staircase to the Ecumenical Temple.
  6773 | D:7      | Reached **** piety under Trog
  7040 | D:8      | Found a shimmering blue altar of Sif Muna.
  7068 | D:8      | Noticed a hornet
  7080 | D:7      | Paralysed by a hornet for 3 turns
  7084 | D:7      | Killed a hornet
  7085 | D:7      | Reached XP level 9. HP: 65/78 MP: 8/8
  7692 | D:7      | Reached skill level 8 in Armour
  7841 | D:8      | Reached skill level 1 in Axes
  8097 | D:8      | Found a glowing golden altar of the Shining One.
  8194 | D:8      | Noticed a two-headed ogre
  8204 | D:8      | Killed a two-headed ogre
  8259 | D:8      | Reached skill level 9 in Armour
  8577 | D:8      | Reached skill level 5 in Axes
  8701 | D:8      | Noticed Maurice
  8732 | D:8      | Something stole a +2 trident of protection
  8736 | D:8      | Something stole 273 gold
  8904 | D:8      | Killed Maurice
  8905 | D:8      | Reached XP level 10. HP: 40/86 MP: 9/9
  9151 | D:8      | Found Buher's Assorted Antiques.
  9156 | D:8      | Bought a scroll of identify for 58 gold pieces
  9156 | D:8      | Bought a scroll labelled YSOSATH CEFRE for 29 gold pieces
  9418 | D:9      | Noticed Harold
  9448 | D:8      | Killed Harold
  9914 | D:9      | Noticed a two-headed ogre
  9928 | D:9      | Killed a two-headed ogre
  9929 | D:9      | Reached skill level 10 in Armour
 10165 | D:9      | Found a staircase to the Lair.
 10248 | Lair:1   | Entered Level 1 of the Lair of Beasts
 10333 | Lair:1   | Noticed a cane toad
 10352 | Lair:1   | Killed a cane toad
 10579 | Lair:1   | Reached XP level 11. HP: 94/95 MP: 10/10
 10814 | Lair:1   | Reached skill level 11 in Armour
 11809 | Lair:2   | Noticed a six-headed hydra
 11809 | Lair:2   | Found a staircase to the Swamp.
 12104 | Lair:2   | Found a hole to the Spider Nest.
 12104 | Lair:2   | Noticed an orb spider
 12107 | Lair:2   | Noticed a skyshark
 12129 | Lair:2   | Slain by a skyshark

Illustrated notes

Levels and vault maps discovered:
D:1:      dpeg_arrival_round_b, layout_basic, amcnicky_mini_pool_small
D:2:      layout_basic, basic_altar, ebering_ecumenical_altar_sacrificial
D:3:      layout_basic, mainiacjoe_overflow_surrounded_room, old_standard_altar,
          serial_shops, shop
D:4:      minmay_chambers_of_threes, layout_cave_pools,
          mainiacjoe_overflow_concentric_impassable, fountainhead
D:5:      layout_cave_pools
D:6:      hellmonk_crumbling_castle, layout_basic, mainiacjoe_overflow_alcove_2,
          nicolae_qazlal_eye_of_the_storm, serial_shops, shop
D:7:      layout_rooms, cheibrodos_ashenzari_chains, minmay_temple_entry_grid,
          enter_bailey_7
D:8:      layout_cave_pools, lemuel_crystal_altar, lemuel_tele_altar,
          serial_gnoll_camp, gnoll_camp_mini_house, gnoll_camp_mini_shop,
          gnoll_camp_mini_loothouse, gnoll_camp_huts_basic, uniq_maurice
D:9:      layout_roguey [special_room_bee], david_lair_shrubbed,
          grunt_ogre_cave, uniq_harold
Lair:1:   layout_gridlike, serial_bayou_pond_c, grunt_forest_small_clearings,
          serial_bayou_shore_a
Lair:2:   layout_cave_pods, minmay_swamp_entry_reptiles,
          nicolae_spider_entry_orb_guardian

Skill      XL: |  1  2  3  4  5  6  7  8  9 10 11 |
---------------+----------------------------------+-----
Fighting       | 4 5 6 7 8 |  8.7
Maces & Flails | 4 5 6 7 8 |  8.4
Armour         | 3 4 5 7 9 10 11 | 11.2
Throwing       | 1 3 4 5 6 7 8 9 |  9.0
Dodging        | 3 4 |  4.0
Stealth        | 1 |  1.6
Axes           | 5 8 |  8.7

Action                     |  1- 3 |  4- 6 |  7- 9 | 10-12 || total
---------------------------+-------+-------+-------+-------++-------
  Melee: Mace              |    76 |    64 |   171 |       ||   311
         Headbutt          |    12 |     9 |    56 |    40 ||   117
         Punch             |     1 |     1 |     4 |     4 ||    10
         Hand axe          |       |       |   131 |   187 ||   318
  Throw: Dart              |    21 |    51 |    87 |    36 ||   195
         Stone             |     1 |       |       |       ||     1
 Invoke: Berserk           |       |     1 |     6 |     5 ||    12
         Trog's Hand       |       |       |     5 |     1 ||     6
         Brothers in Arms  |       |       |     2 |       ||     2
    Use: Scroll            |     4 |     4 |     4 |     6 ||    18
         Potion            |       |       |     1 |     6 ||     7
 Armour: Animal skin       |     9 |       |       |       ||     9
         Chain mail        |    46 |    60 |       |       ||   106
         Plate armour      |       |       |   330 |   182 ||   512
  Dodge: Dodged            |    37 |    39 |   126 |    85 ||   287
